 Dungeon Crawl Stone Soup version 0.27.1-34-g3ba077fa99 (webtiles) character file.

Game seed: 1641030355592632422

36269 LLlMATKO the Cleaver (level 13, -28/178 HPs)
             Began as a Minotaur Berserker on Jan 16, 2022.
             Was a High Priest of Trog.
             Killed from afar by a deep elf zephyrmancer (36 damage)
             ... with a bolt of lightning
             ... on level 14 of the Dungeon.
             The game lasted 00:18:05 (19791 turns).

LLlMATKO the Cleaver (Minotaur Berserker)          Turns: 19791, Time: 00:18:05

Health: -28/178    AC: 20    Str: 23    XL:     13   Next: 52%
Magic:  12/12      EV: 12    Int:  4    God:    Trog [*****.]
Gold:   860        SH:  0    Dex: 14    Spells: 12/12 levels left

rFire    + . .     SeeInvis .   W - +2 executioner's axe (vorpal)
rCold    . . .     Faith    .   (shield currently unavailable)
rNeg     . . .     Spirit   .   y - +0 plate armour
rPois    +         Reflect  .   (helmet restricted)
rElec    .         Harm     .   x - +0 cloak
rCorr    +         Rampage  .   b - +0 pair of gloves
Will     .....                  M - +0 pair of boots
Stlth    ..........             T - amulet of regeneration
HPRegen  1.39/turn              Q - ring of resist corrosion
MPRegen  0.13/turn              X - ring of Zora {rPois rF+}

@: berserking, very quick
A: horns 2, retaliatory headbutt
a: Renounce Religion, Berserk, Trog's Hand, Brothers in Arms


You were on level 14 of the Dungeon.
You worshipped Trog.
Trog was extremely pleased with you.
You visited 1 branch of the dungeon, and saw 14 of its levels.
You also visited: Ossuary.

You collected 860 gold pieces.

Inventory:

Hand Weapons
 n - a +1 vorpal war axe
 z - a +2 whip of flaming
 W - a +2 vorpal executioner's axe (weapon)
 Y - a +2 hand crossbow of flaming
Missiles
 f - 77 bolts
 v - 31 poisoned darts (quivered)
 H - 3 throwing nets
 V - 20 curare-tipped darts
Armour
 b - a +0 pair of gloves (worn)
 x - a +0 cloak (worn)
 y - a +0 plate armour (worn)
 C - a +1 kite shield
 M - a +0 pair of boots (worn)
Jewellery
 i - a ring of ice
 w - an amulet of guardian spirit
 Q - a ring of resist corrosion (left hand)
 T - an amulet of regeneration (around neck)
 U - a ring of fire
 X - the ring of Zora (right hand) {rPois rF+}
   (You found it on level 12 of the Dungeon)

   [ring of poison resistance]

   rF:        It protects you from fire.
   rPois:     It protects you from poison.
Wands
 l - a wand of polymorph (28)
 u - a wand of digging (10)
 K - a wand of iceblast (7)
 O - a wand of flame (63)
Scrolls
 m - 8 scrolls of teleportation
 p - a scroll of enchant weapon
 A - 2 scrolls of summoning
 E - 2 scrolls of fog
 F - a scroll of brand weapon
 G - a scroll of blinking
 J - a scroll of magic mapping
 L - 4 scrolls of identify
 N - 2 scrolls of immolation {unknown}
 P - 2 scrolls of enchant armour
 R - a scroll of acquirement {unknown}
Potions
 a - 2 potions of lignification {unknown}
 d - 2 potions of berserk rage {unknown}
 e - 3 potions of cancellation {unknown}
 g - 6 potions of degeneration
 h - 2 potions of ambrosia {unknown}
 j - 6 potions of might
 k - 3 potions of curing
 o - 3 potions of mutation {unknown}
 r - 6 potions of haste {unknown}
 s - 5 potions of brilliance {unknown}
 t - 5 potions of heal wounds {unknown}
 B - a potion of resistance {unknown}
 D - a potion of invisibility {unknown}
 I - 2 potions of flight {unknown}
 S - 4 potions of attraction {unknown}


   Skills:
 + Level 12.9 Fighting
 + Level 13.0 Axes
 + Level 5.6 Crossbows
 + Level 12.6 Armour
 + Level 11.7 Dodging
 + Level 10.4 Shields


You had 12 spell levels left.
You didn't know any spells.
Your spell library was empty.

Dungeon Overview and Level Annotations

Branches:
Dungeon (14/15)            Temple (0/1) D:6            Lair (0/6) D:9
    Orc (0/2) D:12        Ossuary (visited)
 Vaults: D:13-14

Altars:
Ashenzari
Dithmenos
Gozag
Okawaru
Ru
Trog
Wu Jian
Yredelemnul
The Shining One

Portals:
Trove: D:11 (give 6 scrolls of fear)
Ice
Cave: D:14

Annotations:
D:14 exclusion: 2 ice statues


Innate Abilities, Weirdness & Mutations

You have a pair of horns on your head.
You reflexively headbutt those who attack you in melee.


Message History

* * * LOW HITPOINT WARNING * * *
Your purple ugly thing burns!
The orc knight hits you with a +0 war axe.
* * * LOW HITPOINT WARNING * * *
The centaur warrior skeleton hits you but does no damage.
The centaur warrior skeleton kicks you but does no damage.
Your two-headed ogre misses the deep elf zephyrmancer.
Your two-headed ogre hits the deep elf zephyrmancer with a +0 giant spiked club!
The orc hits you but does no damage. Something hits you but does no damage.
The orc barely misses you.
You can move again.
Unknown command.
Unknown command.
Unknown command.
Unknown command.
Unknown command.
Unknown command.
Unknown command.
Unknown command.
Unknown command.
Unknown command.
Unknown command.
Unknown command.
Unknown command.
You slash the orc knight! You headbutt the orc knight!
The orc knight is severely wounded.
You slash the centaur warrior skeleton!
You barely miss the deep elf zephyrmancer.
You barely miss the orc. You closely miss something.
Your plate armour prevents you from hitting the orc.
Your purple ugly thing burns!
Your purple ugly thing dissolves into shadows!
The orc knight hits you with a +0 war axe.
* * * LOW HITPOINT WARNING * * *
Your tengu warrior misses the deep elf zephyrmancer.
Your tengu warrior closely misses the deep elf zephyrmancer.
Your tengu warrior completely misses the deep elf zephyrmancer.
The deep elf zephyrmancer casts a spell at you.
The bolt of lightning hits you!!!
You die...

**,,>,,,,,,,,,,,,,,,,,,,,,,,,,
***,,,,,,,,,....,,,,,,,,,,,,,,
*,,,,,**###*#..#******,,,,,,,,
*,,,,,*,,..,#..#,,,,∩*,,,,,,,,
*,,**,#,,*.##..#*,*,,*,***,,,,
*#.#,,#.*,#.#..#,#,*,*,* **,,,
#..,,#..##.#..#.##..*,* **,,
##**#..,**,#...o{o....#,*,****,,,
#..##..#######)#@o#.###**,,,*,,,,
#......#.....u)QeZ......,,,,,,*,,
#..............O........,,,*****,
#........#####.#u.#.####*,,****,,
#......<.#,*,.....z...*,*,,,*,,,,
#......#.#,,##.#..#.##.,*,,,,,,**
##.#.....#,*,#.#..#.#,*.*,**,,,**
#*#..#..#,,*.##..#*.*,,*****,,,,
#...##.#,,,.,*..#,,.,,*,,,*,***


You could see an orc knight (ally target), a skeletal warrior, a deep elf
zephyrmancer (ally target), 2 orcs, a centaur warrior skeleton, 2 friendly ugly
things, a friendly tengu warrior (summoned) and a friendly two-headed ogre
(summoned).

Vanquished Creatures
  Jorgrun (D:13)
  Rupert (D:13)
  Kirke (D:13)
  Harold (D:8)
  A hydra (D:11)
  A boulder beetle (D:11)
  7 two-headed ogres
  Erica (D:8)
  3 centaur warriors (D:13)
  Nergalle (D:10)
  3 skeletal warriors (D:13)
  3 deep elf pyromancers
  2 cyclopes
  3 ugly things
  Maurice (D:10)
  3 manticores (D:13)
  2 gargoyles
  An unseen horror (D:12)
  A yaktaur (shapeshifter) (D:14)
  An efreet (D:13)
  2 tengu conjurers (D:13)
  3 meliai (D:12)
  6 trolls
  A wyvern (D:11)
  4 wraiths
  2 vampires
  16 yaks
  5 hogs (D:13)
  Grum (D:8)
  A steam dragon (D:7)
  7 vampire mosquitoes
  A water moccasin (D:6)
  Menkaure (D:5)
  An acid dragon (D:12)
  2 orc warriors (D:9)
  2 black bears (D:9)
  A sky beast (D:5)
  2 ogres (D:14)
  6 centaurs
  2 wolves (D:8)
  A kobold brigand (D:8)
  5 bullfrogs
  Blork the orc (D:6)
  A gnoll sergeant (D:7)
  A wyvern zombie (D:7)
  4 scorpions
  A water moccasin zombie (D:5)
  17 killer bees
  4 wights (D:9)
  7 howler monkeys
  8 centaur zombies
  2 bullfrog zombies
  A hound (D:4)
  6 orc priests
  3 jellies
  2 bullfrog skeletons (D:5)
  A gnoll shaman (D:7)
  2 centaur skeletons
  5 iguanas
  10 orc wizards
  A hound zombie (D:3)
  4 mummies
  2 howler monkey zombies
  13 gnolls
  8 adders
  A white imp (D:7)
  2 ufetubi (D:6)
  An adder skeleton (D:4)
  An adder zombie (D:3)
  A worm (D:2)
  A dart slug (D:3)
  25 orcs
  5 ball pythons
  6 endoplasms
  4 giant cockroaches
  9 goblins
  8 hobgoblins
  11 jackals
  8 kobolds
  3 quokkas
  9 bats
  A frilled lizard (D:2)
  A goblin zombie (Ossuary)
  A hobgoblin zombie (Ossuary)
  2 orc zombies (Ossuary)
  4 rats
318 creatures vanquished.

Vanquished Creatures (collateral kills)
  A two-headed ogre (D:14)
  An ogre (D:14)
2 creatures vanquished.

Vanquished Creatures (others)
  13 fungi (D:9)
  15 plants (D:9)
28 creatures vanquished.

Grand Total: 348 creatures vanquished

Notes
Turn   | Place    | Note
-------+----------+-------------------------------------------
     0 | D:1      | LLlMATKO the Minotaur Berserker began the quest for the
                  | Orb.
     0 | D:1      | Reached XP level 1. HP: 19/19 MP: 0/0
   162 | D:1      | Found a faded altar of an unknown god.
   344 | D:1      | Reached XP level 2. HP: 27/27 MP: 1/1
   577 | D:1      | Reached skill level 4 in Axes
   776 | D:1      | Reached XP level 3. HP: 29/33 MP: 2/2
   780 | D:1      | Reached ** piety under Trog
  1144 | D:2      | Found a glowing golden altar of the Shining One.
  1297 | D:2      | Reached XP level 4. HP: 41/41 MP: 3/3
  2213 | D:3      | Reached XP level 5. HP: 47/47 MP: 4/4
  2530 | D:3      | Found a basalt altar of Yredelemnul.
  2853 | D:3      | Reached skill level 5 in Axes
  2877 | D:3      | Reached skill level 5 in Fighting
  3469 | D:3      | Found a basalt altar of Yredelemnul.
  3812 | D:4      | Reached XP level 6. HP: 56/56 MP: 5/5
  4384 | D:4      | Found a broken altar of Ashenzari.
  4395 | D:4      | Found a shadowy altar of Dithmenos.
  4517 | D:5      | Entered Level 5 of the Dungeon
  4764 | D:5      | Reached skill level 5 in Armour
  4764 | D:5      | Reached XP level 7. HP: 57/62 MP: 6/6
  4927 | D:5      | Reached *** piety under Trog
  4985 | D:5      | Reached skill level 6 in Axes
  5112 | D:5      | Noticed a gargoyle
  5120 | D:5      | Killed a gargoyle
  5121 | D:5      | Reached skill level 5 in Dodging
  5121 | D:5      | Reached XP level 8. HP: 71/71 MP: 7/7
  5188 | D:5      | Noticed Menkaure
  5194 | D:5      | Killed Menkaure
  5631 | D:5      | Reached skill level 7 in Axes
  6151 | D:6      | Noticed a two-headed ogre
  6175 | D:6      | Killed a two-headed ogre
  6507 | D:6      | Found a sacrificial altar of Ru.
  6513 | D:6      | Reached XP level 9. HP: 77/81 MP: 6/8
  6514 | D:6      | Reached skill level 8 in Axes
  6553 | D:6      | Found an opulent altar of Gozag.
  6554 | D:6      | Noticed Blork the orc
  6559 | D:6      | Killed Blork the orc
  6631 | D:6      | Found a staircase to the Ecumenical Temple.
  6887 | D:6      | Identified the +2 leather armour "Ixiatuj" {rCorr}
  7383 | D:7      | Reached **** piety under Trog
  7386 | D:7      | Reached skill level 1 in Shields
  7538 | D:7      | Found a sand-covered staircase.
  7548 | Ossuary  | Entered an ossuary
  8922 | D:7      | Reached skill level 9 in Axes
  9398 | D:8      | Noticed Harold
  9449 | D:8      | Killed Harold
  9450 | D:8      | Reached XP level 10. HP: 71/91 MP: 6/9
  9712 | D:8      | Noticed Erica
  9721 | D:8      | Killed Erica
  9722 | D:8      | Reached skill level 5 in Shields
 10167 | D:8      | Noticed Grum
 10177 | D:8      | Reached skill level 10 in Axes
 10184 | D:8      | Killed Grum
 10185 | D:8      | Reached skill level 10 in Fighting
 11542 | D:9      | Found a staircase to the Lair.
 11614 | D:9      | Noticed a gargoyle
 11630 | D:9      | Killed a gargoyle
 11633 | D:9      | Reached skill level 10 in Armour
 11634 | D:9      | Noticed a two-headed ogre
 11643 | D:9      | Killed a two-headed ogre
 11643 | D:9      | Reached ***** piety under Trog
 11644 | D:9      | Reached XP level 11. HP: 82/101 MP: 7/10
 12079 | D:9      | Found an iron altar of Okawaru.
 12085 | D:9      | Found an ornate altar of the Wu Jian Council.
 12089 | D:9      | Found a bloodstained altar of Trog.
 12691 | D:9      | Found an iron altar of Okawaru.
 12698 | D:9      | Found an ornate altar of the Wu Jian Council.
 12703 | D:9      | Found a bloodstained altar of Trog.
 12760 | D:9      | Found a staircase to the Lair.
 13099 | D:10     | Entered Level 10 of the Dungeon
 13484 | D:10     | Noticed a two-headed ogre
 13491 | D:10     | Killed a two-headed ogre
 13825 | D:10     | Noticed Nergalle
 13833 | D:10     | Killed Nergalle
 13947 | D:10     | Noticed Maurice
 13962 | D:10     | Killed Maurice
 13963 | D:10     | Reached skill level 11 in Axes
 14514 | D:11     | Noticed a boulder beetle
 14540 | D:11     | Killed a boulder beetle
 14541 | D:11     | Reached skill level 10 in Dodging
 14627 | D:11     | Noticed a two-headed ogre
 14627 | D:11     | Noticed a two-headed ogre
 14630 | D:11     | Noticed a deep elf pyromancer
 14636 | D:11     | Killed a two-headed ogre
 14640 | D:11     | Killed a two-headed ogre
 14648 | D:11     | Killed a deep elf pyromancer
 14970 | D:11     | Noticed an eight-headed hydra
 14978 | D:11     | Killed a 12-headed hydra
 14979 | D:11     | Reached XP level 12. HP: 79/110 MP: 3/11
 15389 | D:11     | Found a portal to a secret trove of treasure.
 15581 | D:11     | Found a portal to a secret trove of treasure.
 15925 | D:12     | Found a staircase to the Orcish Mines.
 16043 | D:12     | Identified the ring of Zora {rPois rF+}
 16099 | D:12     | Noticed a two-headed ogre
 16103 | D:12     | Killed a two-headed ogre
 16104 | D:12     | Reached skill level 1 in Crossbows
 16562 | D:12     | Noticed a two-headed ogre
 16569 | D:12     | Killed a two-headed ogre
 16569 | D:12     | Received a gift from Trog
 16830 | D:12     | Found a staircase to the Orcish Mines.
 17187 | D:13     | Reached skill level 12 in Axes
 17190 | D:13     | Noticed a centaur warrior
 17200 | D:13     | Killed a centaur warrior
 17372 | D:13     | Noticed Rupert
 17384 | D:13     | Killed Rupert
 17602 | D:13     | Noticed a centaur warrior
 17611 | D:13     | Killed a centaur warrior
 17821 | D:13     | Noticed Kirke
 18020 | D:13     | Noticed Jorgrun
 18033 | D:13     | Killed Jorgrun
 18034 | D:13     | Reached XP level 13. HP: 119/119 MP: 12/12
 18176 | D:13     | Killed Kirke
 18177 | D:13     | Reached skill level 10 in Shields
 18485 | D:13     | Reached skill level 5 in Crossbows
 19666 | D:14     | Found a frozen archway.
 19778 | D:14     | Paralysed by an ogre mage for 6 turns
 19788 | D:14     | Paralysed by something for 3 turns
 19789 | D:14     | Reached skill level 13 in Axes
 19791 | D:14     | HP: 8/178 [orc knight (5)]
 19791 | D:14     | Killed from afar by a deep elf zephyrmancer

Illustrated notes

Levels and vault maps discovered:
D:1:      lightli_arrival_boilingwater, layout_basic,
          ebering_ecumenical_altar_mist
D:2:      layout_basic, basic_altar, grunt_decor_cap
D:3:      layout_basic, lemuel_zombie_altar_yredelemnul,
          hangedman_feature_mirror, minmay_bisected
D:4:      layout_loops_ring, mainiacjoe_overflow_big_doors, st_stairs_3
D:5:      layout_cave_pools, hangedman_abyss_or_decor_stabs,
          nrook_loot_triangle, st_stairs_14, uniq_menkaure
D:6:      layout_basic, old_standard_altar, mainiacjoe_overflow_24_doors,
          minmay_temple_entry_butterflies, uniq_blork_the_orc
D:7:      layout_basic, gup_ossuary_entry_pyramid, nicolae_underground_beach
D:8:      layout_loops_ring, uniq_harold, uniq_grum, uniq_erica
D:9:      layout_rooms, minmay_overflow_temple_star_quad,
          grunt_lair_entry_orc_guard_hut, serial_co_window_serial,
          co_window_paths_a, co_window_paths_a, co_window_paths_a,
          co_window_cross_1, co_window_corner_a, co_window_unsneaky_path_b,
          co_window_paths_c, co_window_paths_c, co_window_4corner_b,
          glass_columns_b, glass_columns_b, glass_columns_a, glass_columns_a,
          glass_columns_a
D:10:     layout_rooms, uniq_maurice, uniq_nergalle
D:11:     layout_rooms, nicolae_trove_entry_free_sample
D:12:     layout_basic, orc_0_dummy
D:13:     layout_stronghold, hangedman_abyss_or_decor_passed, uniq_rupert,
          uniq_jorgrun, uniq_kirke
D:14:     layout_cave_pools, hangedman_vaults_entry_quadrant_bands,
          portal_ice_cave_entry_ice_statue_two,
          nicolae_kikubaaqudgha_miasma_corner

Skill      XL: |  1  2  3  4  5  6  7  8  9 10 11 12 13 |
---------------+----------------------------------------+-----
Fighting       | 4 5 6 7 9 10 11 12 | 12.9
Axes           | 4 5 6 7 9 10 11 12 13 | 13.0
Armour         | 3 4 5 6 7 8 10 11 12 | 12.6
Dodging        | 3 4 5 6 8 9 10 11 | 11.7
Shields        | 4 6 8 9 10 | 10.4
Crossbows      | 4 5 |  5.6

Action                   |  1- 3 |  4- 6 |  7- 9 | 10-12 | 13-15 || total
-------------------------+-------+-------+-------+-------+-------++-------
Melee: Hand axe          |    69 |    66 |       |       |       ||   135
       Headbutt          |     9 |    20 |    46 |   120 |    14 ||   209
       War axe           |       |    42 |   209 |   407 |       ||   658
       Executioner's axe |       |       |       |    30 |    61 ||    91
 Fire: Hand crossbow     |       |       |       |    33 |    47 ||    80
Throw: Dart              |       |       |     5 |    10 |       ||    15
Invok: Berserk           |     1 |     2 |     7 |    13 |     3 ||    26
  Use: Scroll            |       |       |     7 |       |     5 ||    12
Armor: Animal skin       |    10 |       |       |       |       ||    10
       Chain mail        |       |    49 |    33 |       |       ||    82
       Plate armour      |       |       |    94 |   242 |   139 ||   475
Dodge: Dodged            |    47 |    42 |    88 |   165 |    73 ||   415
Block: Kite shield       |       |       |    65 |   285 |       ||   350
